Map: Ley Lines

Players

ManlyManMeat - Winner!

  • Race: Zerg Zerg
  • League: Diamond
  • Spawn Location: 7:00

HarveyS

  • Race: Protoss Protoss
  • League: Diamond
  • Spawn Location: 1:00

VOD

Have the link to the VOD?

Description

Time

  • Played on: July 7, 2025, 10:08 a.m.
  • Length: 10:27
Show
View Real Time Build Order
Export as new Build Order

ManlyManMeat Zerg - Winner!

Build Orders: Hatch First 

Get SALT Encoding   

  12  0:00  Drone  
  13  0:10  Drone  
  13  0:13  Extractor  
  13  0:15  Drone  
  15  0:22  Overlord  
  15  0:41  Drone  
  16  0:46  Hatchery  
  15  0:50  Drone  
  15  0:54  Drone  
  17  0:57  Drone  
  18  1:16  Extractor, Spawning Pool  
  16  1:27  Drone x2  
  18  1:36  Drone  
  19  1:52  Drone  
  20  2:00  Overlord  
  20  2:03  Drone  
  20  2:05  Queen  
  20  2:07  Queen  
  26  2:15  Zergling x4  
  26  2:21  Metabolic Boost  
  27  2:28  Drone x2  
  29  2:34  Overlord  
  29  2:49  Overlord  
  29  2:59  Overlord  
  29  3:06  Queen  
  30  3:22  Drone x4  
  30  3:23  Drone  
  35  3:28  Zergling x6  
  35  3:31  Hatchery  
  37  3:52  Zergling x6  
  37  3:53  Zergling x2  
  37  3:54  Drone x2  
  43  4:07  Overlord  
  43  4:08  Overlord  
  43  4:13  Zergling x2  
  44  4:25  Queen  
  44  4:26  Drone x3  
  44  4:27  Drone x2  
  44  4:30  Baneling Nest  
  50  4:33  Drone x3  
  53  4:50  Drone  
  53  4:51  Drone x4  
  58  4:53  Overlord x3  
  58  5:07  Evolution Chamber  
  57  5:11  Drone x3  
  57  5:13  Drone  
  61  5:16  Drone x3  
  61  5:17  Drone x2  
  66  5:22  Hatchery  
  66  5:28  Spore Crawler  
  64  5:44  Spore Crawler  
  64  5:46  Spore Crawler  
  53  6:02  Zergling x2  
  53  6:03  Zergling x32  
  69  6:05  Zerg Melee Weapons Level 1, Lair  
  67  6:15  Drone x3, Spore Crawler  
  69  6:25  Zergling x2  
  69  6:26  Zergling x4  
  72  6:38  Drone x3, Extractor  
  72  6:39  Drone x2  
  77  6:40  Drone, Extractor  
  74  7:06  Drone x4  
  73  7:13  Hydralisk Den  
  70  7:16  Queen x2  
  70  7:17  Overlord x3  
  74  7:23  Centrifugal Hooks  
  74  7:25  Drone  
  74  7:26  Drone x3  
  74  7:27  Drone  
  79  7:36  Baneling  
  79  7:37  Baneling x8  
  78  7:38  Zergling x32  
  92  8:10  Hydralisk x5  
  100  8:18  Extractor  
  100  8:19  Drone x4  
  100  8:45  Hydralisk x4  
  100  8:47  Overlord x5  
  91  9:06  Hydralisk x6  
  98  9:18  Hydralisk x3  
  98  9:24  Hydralisk, Zergling x2  
  104  9:25  Zergling x14  
  114  9:37  Hydralisk x3  
  120  9:52  Hydralisk x2  
  120  9:53  Hydralisk, Zergling x8  
  120  9:54  Zergling x2  
  132  10:00  Zergling x6  
Show
View Real Time Build Order
Export as new Build Order

HarveyS Protoss 

Build Orders:  

Get SALT Encoding   

  12  0:00  Probe  
  13  0:12  Probe  
  14  0:18  Pylon  
  14  0:24  Probe  
  15  0:36  Gateway  
  15  0:41  Assimilator  
  15  0:44  Probe  
  16  0:56  Probe  
  17  1:04  Gateway, Probe  
  18  1:12  Probe  
  19  1:22  Probe  
  20  1:26  Cybernetics Core  
  20  1:40  Probe  
  20  1:42  Pylon  
  20  1:51  Stalker  
  21  1:54  Probe  
  21  1:55  Stalker  
  21  2:08  Probe  
  26  2:26  Nexus  
  26  2:33  Adept  
  28  2:41  Gateway  
  28  2:47  Assimilator  
  28  2:49  Probe  
  29  2:54  Warp Gate  
  29  3:02  Pylon  
  29  3:04  Probe  
  30  3:23  Probe  
  31  3:31  Shield Battery  
  31  3:33  Stargate  
  31  3:35  Probe  
  32  3:41  Probe  
  32  3:45  Probe  
  34  3:49  Probe  
  34  3:53  Probe  
  35  3:56  Assimilator  
  35  3:58  Probe  
  35  4:02  Probe  
  37  4:07  Oracle  
  38  4:10  Gateway  
  38  4:12  Probe  
  38  4:13  Twilight Council  
  38  4:14  Probe  
  43  4:24  Probe  
  43  4:26  Probe  
  45  4:34  Oracle  
  45  4:36  Probe  
  47  4:38  Pylon, Probe  
  50  4:48  Probe  
  50  4:49  Assimilator  
  50  4:50  Probe  
  50  4:51  Blink  
  50  4:52  Pylon  
  52  4:57  Pylon  
  52  5:01  Adept  
  54  5:08  Pylon  
  54  5:16  Adept x2  
  54  5:17  Adept  
  60  5:29  Nexus  
  60  5:34  Probe x2  
  62  5:46  Probe x2  
  62  5:48  Void Ray  
  68  5:58  Gateway, Probe x2  
  68  6:02  Gateway  
  70  6:12  Stalker x3  
  70  6:18  Probe x2  
  78  6:25  Pylon  
  78  6:26  Pylon  
  78  6:32  Gateway  
  78  6:36  Gateway  
  78  6:40  Probe x2  
  80  6:53  Probe  
  80  6:54  Probe  
  82  6:57  Stalker  
  82  6:58  Stalker x4  
  92  7:03  Pylon  
  86  7:09  Probe x3  
  87  7:21  Probe x3  
  90  7:23  Pylon  
  90  7:24  Pylon  
  90  7:28  Robotics Facility  
  90  7:29  Assimilator  
  90  7:33  Probe, Assimilator  
  89  7:43  Shield Battery  
  89  7:56  Stalker x4  
  89  7:57  Stalker x4  
  101  8:01  Probe  
  101  8:02  Probe x2  
  104  8:06  Robotics Facility  
  104  8:11  Forge  
  104  8:14  Pylon, Probe x3  
  107  8:26  Probe  
  95  8:33  Probe x2  
  97  8:38  Probe, Robotics Bay  
  97  8:45  Probe x2  
  78  8:50  Probe  
  58  8:57  Probe x2  
  58  9:02  Probe  
  57  9:09  Probe x2  
  57  9:14  Probe  
  53  9:21  Probe x2  
  55  9:26  Probe  
  56  9:33  Probe  
  56  9:34  Probe  
  58  9:38  Probe  
  58  9:54  Adept x3  
  58  9:55  Adept  
  58  9:56  Adept  
Tags
 
Matchup
PvZ
Replay Pack
Myownreplay2
Spawn Locations
Cross Positions
Add a new tag
Caveats
  • Supply blocks, unpowered buildings, or Contaminate may cause inaccurate times.
  • Supply counts are checked every 10 seconds.